 Dungeon Crawl Stone Soup version 0.21.1-1-g345015f (webtiles) character file.

3619 osko the Cleaver (level 9, 0/82 HPs)
             Began as a Minotaur Berserker on Apr 30, 2018.
             Was an Elder of Trog.
             Succumbed to kobold's curare-tipped needle
             ... on level 7 of the Dungeon.
             The game lasted 00:16:45 (5707 turns).

osko the Cleaver (Minotaur Berserker)               Turns: 5707, Time: 00:16:47

Health: 0/82       AC: 15    Str: 21 (24) XL:     9   Next: 86%
Magic:  8/8        EV: 11    Int:  7 (9)  God:    Trog [****..]
Gold:   362        SH:  0    Dex: 12 (14) Spells: 8/8 levels left

rFire    . . .     SeeInvis .   t - +1 hand axe (freeze)
rCold    . . .     Gourm    .   (no shield)
rNeg     . . .     Faith    .   m - +0 chain mail (curse)
rPois    .         Spirit   .   (helmet restricted)
rElec    .         Reflect  .   (no cloak)
rCorr    .         Harm     .   o - +0 pair of gloves {Dex+3}
MR       .....                  g - +2 pair of boots
Stlth    ..........             (no amulet)
HPRegen  0.23/turn              (no ring)
MPRegen  0.11/turn              (no ring)

@: brilliant, lethally poisoned (0 -> -19), berserk cooldown, slowed, very slow
A: retaliatory headbutt, horns 2
a: Berserk, Trog's Hand, Brothers in Arms, Burn Spellbooks, Renounce Religion


You were on level 7 of the Dungeon.
You worshipped Trog.
Trog was greatly pleased with you.
You were very hungry.

You visited 1 branch of the dungeon, and saw 7 of its levels.
You also visited: Sewer.

You collected 362 gold pieces.

Inventory:

Hand Weapons
 a - a +0 hand axe
 e - a +0 dagger of venom
 t - a +1 hand axe of freezing (weapon)
Armour
 b - a +0 animal skin
 g - a +2 pair of boots (worn)
 m - a cursed +0 chain mail (worn)
 o - a +0 pair of gloves of dexterity (worn)
 C - a +2 pair of boots
Jewellery
 y - an uncursed ring of see invisible {unknown}
 B - a +3 amulet of reflection {unknown}
Wands
 D - a wand of clouds (8)
Scrolls
 f - 5 scrolls of identify
 h - a scroll of random uselessness {unknown}
 i - 2 scrolls of magic mapping {unknown}
 j - 2 scrolls of amnesia {unknown}
 k - 5 scrolls of teleportation {unknown}
 q - 6 scrolls of fog {unknown}
 r - 4 scrolls of remove curse {unknown}
 w - 2 scrolls of holy word {unknown}
 x - a scroll of enchant armour {unknown}
 z - a scroll of blinking {unknown}
 A - a scroll of fear {unknown}
Potions
 d - a potion of degeneration
 l - 3 potions of berserk rage
 n - 3 potions of heal wounds {unknown}
 p - 4 potions of haste
 s - a potion of flight {unknown}
 u - a potion of curing {unknown}
 v - a potion of brilliance
 E - a potion of lignification {unknown}
 F - a potion of magic {unknown}
Comestibles
 c - 9 rations


   Skills:
 + Level 8.4 Fighting
 * Level 11.2 Axes
 + Level 7.9 Armour
 + Level 7.2 Dodging


You had 8 spell levels left.
You didn't know any spells.

Dungeon Overview and Level Annotations

Branches:
Dungeon (7/15)             Temple (0/1) D:4

Altars:
Hepliaklqana
Makhleb
Nemelex Xobeh
Okawaru
Qazlal
Vehumet
Xom

Shops:
D:4 *   D:6 [!   D:7 }


Innate Abilities, Weirdness & Mutations

You reflexively headbutt those who attack you in melee.
You have a pair of horns on your head.


Message History

You slice the kobold!! You freeze the kobold.
You kill the kobold!
Trog accepts your kill.
You hit the kobold. You freeze the kobold.
You kill the kobold!
Trog accepts your kill.
You are no longer berserk.
You are exhausted.
You feel as though you will be slow longer.
* * * LOW HITPOINT WARNING * * *
You feel sick.
It was a potion of brilliance.
You feel clever all of a sudden.
* * * LOW HITPOINT WARNING * * *
You feel very sick.
A wight comes into view.
It is wielding an enchanted great sword.
It was a potion of degeneration.
There was something very wrong with that liquid.
You feel weakened.
You feel dopey.
You feel clumsy.
You die...

###.# ##..## ## .
######..## #.###.
##......## #
#....##
##..####.#####
.#####....####..##
#..##..
...........†....#
##....#
........(†(....##
###.##
!>.......†@).###
####
.......(..†.##
#... .......(((..#
#...
...####.......#
#..# ##..##..#
##.. ...# #..# #..
.#..# ##.. ##.
....z. ... #.
###..... .. #.


You could see a wight (wandering).

Vanquished Creatures
  Grinder (D:3)
  Sigmund (D:5)
  6 humans (D:6)
  A black bear (D:7)
  A sky beast (D:7)
  2 ice beasts
  2 phantoms
  4 ogres
  A centaur (D:5)
  5 big kobolds
  2 bullfrogs
  A scorpion (D:5)
  A wight (D:7)
  A howler monkey (D:4)
  2 crimson imps
  A hound (D:4)
  2 quasits (D:6)
  3 orc priests
  2 bullfrog skeletons
  2 jellies
  An orc wizard (D:4)
  Natasha (D:3)
  An iguana (D:6)
  5 worker ants
  A hound skeleton (D:5)
  A worker ant zombie (D:6)
  4 gnolls (D:3)
  2 river rats (Sewer)
  9 adders
  A shadow imp (D:6)
  6 oozes
  An adder zombie (D:6)
  An adder skeleton (D:4)
  7 worms
  2 dart slugs
  2 leopard geckos
  17 orcs
  5 giant cockroaches
  2 goblins (D:1)
  6 hobgoblins
  5 jackals
  A quokka (D:3)
  6 ball pythons
  6 bats
  7 frilled lizards
  A jackal skeleton (D:2)
  23 kobolds
  A leopard gecko skeleton (D:5)
  10 rats
176 creatures vanquished.

Notes
Turn   | Place    | Note
-------+----------+-------------------------------------------
     0 | D:1      | osko the Minotaur Berserker began the quest for the Orb.
     0 | D:1      | Reached XP level 1. HP: 19/19 MP: 0/0
    10 | D:1      | Noticed a minotaur skeleton
   254 | D:1      | Reached XP level 2. HP: 25/27 MP: 1/1
   319 | D:1      | Reached skill level 4 in Axes
   758 | D:2      | Reached ** piety under Trog
   758 | D:2      | Reached XP level 3. HP: 33/33 MP: 2/2
   858 | D:2      | Noticed a bullfrog
   867 | D:2      | Killed a bullfrog
   867 | D:2      | Reached skill level 5 in Axes
   867 | D:2      | Reached XP level 4. HP: 14/41 MP: 3/3
  1093 | D:2      | Found a radiant altar of Vehumet.
  1263 | D:2      | Found a sparkling altar of Nemelex Xobeh.
  1324 | D:3      | Noticed Grinder
  1328 | D:3      | Paralysed by Grinder for 7 turns
  1340 | D:3      | Killed Grinder
  1340 | D:3      | Reached skill level 5 in Fighting
  1340 | D:3      | Reached XP level 5. HP: 19/48 MP: 4/4
  1340 | D:3      | Reached XP level 6. HP: 22/56 MP: 5/5
  1343 | D:3      | Reached skill level 6 in Axes
  1722 | D:3      | Noticed Natasha
  1724 | D:3      | Killed Natasha
  1763 | D:3      | Found a shimmering altar of Xom.
  2184 | D:4      | Reached *** piety under Trog
  2399 | D:4      | Found an iron altar of Okawaru.
  2410 | D:4      | Reached XP level 7. HP: 59/61 MP: 6/6
  2508 | D:4      | Found a staircase to the Ecumenical Temple.
  2559 | D:4      | Reached skill level 7 in Axes
  2588 | D:4      | Found Kaodd's Assorted Antiques.
  2750 | D:4      | Reached skill level 5 in Armour
  2958 | D:4      | Found a hazy altar of Hepliaklqana.
  3124 | D:5      | Entered Level 5 of the Dungeon
  3534 | D:5      | Reached skill level 8 in Axes
  3534 | D:5      | Reached skill level 5 in Dodging
  3534 | D:5      | Reached XP level 8. HP: 69/70 MP: 7/7
  3562 | D:5      | Found a glowing drain.
  3596 | Sewer    | Entered a sewer
  4194 | Sewer    | Reached **** piety under Trog
  4370 | D:5      | Noticed Sigmund
  4377 | D:5      | Killed Sigmund
  4377 | D:5      | Reached skill level 9 in Axes
  4534 | D:5      | Found a glowing golden altar of the Shining One.
  4536 | D:5      | Found a burning altar of Makhleb.
  4536 | D:5      | Found a stormy altar of Qazlal.
  4538 | D:5      | Found a shimmering altar of Xom.
  4538 | D:5      | Found a basalt altar of Yredelemnul.
  4538 | D:5      | Found a radiant altar of Vehumet.
  4904 | D:6      | Reached XP level 9. HP: 78/79 MP: 8/8
  5110 | D:6      | Reached skill level 10 in Axes
  5311 | D:6      | Found Bofi's Distillery.
  5327 | D:6      | Found Hitamih's Armour Shop.
  5640 | D:7      | Found Dusekeke's Gadget Shop.
  5663 | D:7      | Reached skill level 11 in Axes
  5706 | D:7      | HP: 1/82 [poisoned by kobold (curare-tipped needle)]
  5707 | D:7      | Succumbed to kobold's curare-tipped needle

Skill      XL: |  1  2  3  4  5  6  7  8  9 |
---------------+----------------------------+-----
Axes           | 4 5 6 8 9 11 | 11.2
Fighting       | 4 5 6 7 8 |  8.4
Armour         | 3 4 5 6 7 |  7.9
Dodging        | 3 4 5 6 7 |  7.2

Action                   |  1- 3 |  4- 6 |  7- 9 || total
-------------------------+-------+-------+-------++-------
Melee: Hand axe          |    87 |    90 |   336 ||   513
       Headbutt          |     8 |    11 |    61 ||    80
Invok: Berserk           |       |     2 |     1 ||     3
  Use: Scroll            |       |       |     1 ||     1
       Potion            |       |       |     2 ||     2
  Eat: Chunk             |       |     5 |    13 ||    18
Armor: Animal skin       |    29 |       |       ||    29
       Chain mail        |     4 |    47 |   153 ||   204
Dodge: Dodged            |    58 |    57 |   164 ||   279
